AoeStats
← Juyhou

Fortress

508498115Analyzed
3v3 RM · 10d ago on Sep 22, 2026· 70m 25s· 6 players
Game mode
Random Map
Map size
Large (8 player)
Population
200
Speed
Normal
Resources
Standard
Victory
Conquest
Starting age
Dark Age
Ending age
Imperial Age
RankedLock teamsTeams togetherTeam positionsShared explorationLock speedFull tech treeHidden civsTurbo modeCheats
Victory
Defeat
🇫🇮 Danes · Finland
1810
+7
🇫🇮 Koreans · Finland
1683
+11
🇫🇮 Varangians · Finland
1636
+13
🇹🇼 Varangians · Taiwan
1627
-12
🇹🇼 Byzantines · Taiwan
1571
-10
🇹🇼 Saxons · Taiwan
1552
-9
BøM_R3gaN
7:52 Feudal Age
9:12 Double-Bit Axe
9:11 Horse Collar
12:00 Castle Age
13:09 Heavy Plow
13:23 Bow Saw
14:04 Wheelbarrow
16:17 Loom
16:17 Town Watch
18:32 Hand Cart
18:32 Stone Mining
20:32 Town Patrol
24:20 Gold Mining
27:20 Imperial Age
24:56 Fletching
25:06 Padded Archer Armor
25:27 Crossbowman
26:13 Thumb Ring
26:04 Bodkin Arrow
26:56 Leather Archer Armor
27:35 Ballistics
27:29 Arbalester
28:15 Bracer
29:26 Chemistry
29:34 Elite Skirmisher
32:23 Two-Man Saw
31:56 Crop Rotation
32:10 Masonry
34:14 Caravan
35:02 Ring Archer Armor
34:42 Forging
34:33 Scale Mail Armor
34:57 Conscription
34:02 Clerical Recruitment
34:05 Shield Wall
35:39 Elite Hearth Troop
37:00 Hoardings
36:05 Pikeman
36:46 Squires
36:32 Arson
37:22 Iron Casting
37:27 Coinage
37:08 Guilds
38:56 Halberdier
39:52 Chain Mail Armor
40:06 Siege Engineers
40:31 Architecture
40:37 Capped Ram
40:37 Onager
41:19 Clerical Recruitment
41:43 Siege Ram
43:28 Banking
42:45 Man-at-Arms
43:10 Gambesons
43:57 Plate Mail Armor
45:30 Long Swordsman
46:49 Treadmill Crane
46:32 Two-Handed Swordsman
47:08 Champion
55:56 Guard Tower
55:52 Arrowslits
66:29 Sanctity
66:19 Redemption
66:25 Block Printing
66:50 Theocracy
BøM_Sheuu
7:29 Feudal Age
11:07 Castle Age
9:08 Double-Bit Axe
11:24 Horse Collar
11:58 Bow Saw
17:40 Wheelbarrow
19:07 Heavy Plow
19:56 Loom
20:44 Hand Cart
20:34 Gold Mining
21:01 Town Watch
21:25 Stone Mining
25:43 Imperial Age
23:40 Scale Barding Armor
23:42 Treadmill Crane
24:20 Bloodlines
24:11 Husbandry
24:31 Forging
24:43 Chain Barding Armor
26:05 Iron Casting
25:26 Vendel Legacy
25:50 Cavalier
27:10 Plate Barding Armor
28:21 Blast Furnace
30:18 Stone Shaft Mining
31:42 Conscription
31:30 Light Cavalry
34:23 Guilds
34:49 Caravan
36:34 Hussar
38:16 Crop Rotation
37:57 Capped Ram
41:24 Elite Jarl
41:56 Fletching
43:30 Two-Man Saw
42:38 Siege Engineers
44:17 Squires
55:18 Elite Varangian Guard
55:59 Scale Mail Armor
55:36 Gothikon
57:28 Coinage
57:30 Chain Mail Armor
58:49 Plate Mail Armor
BøM_antihack.exe
7:24 Feudal Age
8:39 Double-Bit Axe
11:34 Castle Age
9:27 Horse Collar
12:27 Bow Saw
15:26 Loom
16:47 Wheelbarrow
22:05 Imperial Age
20:37 Hand Cart
20:22 Gold Mining
23:27 Conscription
23:29 Caravan
25:15 Fletching
25:03 Crossbowman
25:59 Bodkin Arrow
25:37 Arbalester
27:24 Chemistry
28:15 Ballistics
28:25 Bracer
28:30 Padded Archer Armor
28:37 Thumb Ring
29:53 Fortified Wall
32:44 Scale Mail Armor
32:55 Forging
33:02 Leather Archer Armor
33:31 Pikeman
34:45 Squires
36:00 Chain Mail Armor
36:21 Iron Casting
36:54 Logistica
38:20 Scale Barding Armor
37:53 Heavy Camel Rider
38:33 Husbandry
40:36 Chain Barding Armor
41:51 Plate Barding Armor
53:07 Elite Varangian Guard
55:08 Gambesons
55:56 Plate Mail Armor
66:09 Arson
67:34 Halberdier
dodo
7:33 Feudal Age
8:14 Feudal Age
9:10 Double-Bit Axe
12:02 Castle Age
10:00 Double-Bit Axe
9:57 Horse Collar
11:41 Loom
13:13 Bow Saw
13:44 Heavy Plow
17:12 Wheelbarrow
20:16 Gold Mining
20:16 Stone Mining
25:09 Imperial Age
23:01 Scale Barding Armor
23:55 Stone Shaft Mining
24:05 Forging
25:14 Chain Barding Armor
24:46 Town Watch
26:36 Plate Barding Armor
26:38 Iron Casting
26:32 Hand Cart
27:28 Conscription
28:15 Fletching
31:17 Blast Furnace
31:12 Elite Jarl
31:57 Bodkin Arrow
32:21 Bloodlines
32:11 Husbandry
32:21 Bloodlines
32:11 Husbandry
33:51 Gambesons
34:06 Squires
33:51 Arson
33:27 Elite Varangian Guard
35:19 Padded Archer Armor
35:26 Bracer
34:49 Elite Skirmisher
34:51 Cranequins
36:22 Leather Archer Armor
38:00 Ring Archer Armor
38:24 Ballistics
39:05 Chemistry
38:13 Scale Mail Armor
39:29 Two-Man Saw
43:38 Coinage
43:09 Caravan
43:09 Pikeman
45:13 Halberdier
46:10 Chain Mail Armor
49:24 Plate Mail Armor
50:33 Banking
50:11 Town Patrol
59:19 Crop Rotation
65:59 Masonry
Juyhou
7:07 Feudal Age
7:57 Double-Bit Axe
10:52 Castle Age
9:58 Horse Collar
11:33 Heavy Plow
11:43 Bow Saw
17:42 Wheelbarrow
18:20 Gold Mining
19:17 Hand Cart
19:17 Stone Mining
20:12 Loom
21:07 Gold Shaft Mining
24:56 Imperial Age
23:13 Scale Mail Armor
23:23 Forging
23:16 Squires
23:02 Arson
23:57 Gambesons
24:28 Chain Mail Armor
24:32 Hamask
25:52 Iron Casting
25:23 Caravan
25:21 Town Watch
25:58 Conscription
25:00 Elite Varangian Guard
26:12 Plate Mail Armor
26:22 Onager
31:08 Blast Furnace
33:11 Elite Jomsviking
34:48 Siege Onager
34:56 Siege Onager
37:30 Coinage
37:02 Northmen's Fury
39:17 Siege Engineers
40:43 Banking
41:10 Fletching
41:41 Ballistics
42:22 Chemistry
44:56 Bodkin Arrow
45:39 Hoardings
50:25 Masonry
54:57 Capped Ram
56:12 Siege Ram
66:59 Murder Holes
Morso
7:56 Feudal Age
9:18 Double-Bit Axe
12:01 Castle Age
10:17 Horse Collar
10:30 Gold Mining
13:22 Bow Saw
13:21 Loom
17:09 Wheelbarrow
18:49 Heavy Plow
18:42 Stone Mining
24:52 Imperial Age
23:08 Fletching
22:51 Crossbowman
24:15 Gold Shaft Mining
24:41 Bodkin Arrow
25:05 Masonry
25:56 Ballistics
25:59 Bracer
26:53 Conscription
27:37 Hand Cart
27:24 Arbalester
29:02 Thumb Ring
30:36 Chemistry
29:48 Masonry
30:37 Capped Ram
35:18 Stone Shaft Mining
34:19 Elite Skirmisher
35:26 Town Watch
36:14 Murder Holes
37:45 Scale Mail Armor
37:55 Forging
38:23 Caravan
40:04 Architecture
41:07 Pikeman
41:48 Squires
41:09 Elite Fire Lancer
43:43 Arson
48:06 Chain Mail Armor
52:17 Iron Casting
52:51 Plate Mail Armor
56:46 Siege Engineers
56:22 Treadmill Crane
56:17 Man-at-Arms
57:08 Scale Barding Armor
56:34 Heavy Rocket Cart
60:00 Coinage
59:54 Arrowslits
Connection lost

Rejoining the realm…

Still unreachable

The connection could not be restored.

Session expired

The server has moved on; the page needs a fresh start.